 Dungeon Crawl Stone Soup version 0.28.0-53-g5a82cb258f (webtiles) character file.

Game seed: 5002809112042087595

48 Sin92 the Skirmisher (level 3, -2/29 HPs)
             Began as a Demonspawn Fighter on June 7, 2022.
             Slain by Sigmund
             ... wielding a +0 scythe
              (5 damage)
             ... on level 2 of the Dungeon.
             The game lasted 00:01:10 (1356 turns).

Sin92 the Skirmisher (Demonspawn Fighter)           Turns: 1356, Time: 00:01:11

Health: -2/29      AC:  6    Str: 16    XL:     3   Next: 50%
Magic:  3/3        EV:  9    Int:  9    God:
Gold:   53         SH:  0    Dex: 14    Spells: 2/2 levels left

rFire   . . .      SeeInvis .   a - +0 trident
rCold   . . .      Faith    .   c - +0 buckler
rNeg    . . .      Spirit   .   b - +0 scale mail
rPois   .          Reflect  .   (no helmet)
rElec   .          Harm     .   (no cloak)
rCorr   .          Rampage  .   (no gloves)
Will    .....                   (no boots)
Stlth   ..........              (no amulet)
HPRegen 0.09/turn               (no ring)
MPRegen 0.08/turn               (no ring)

@: confused, mighty
A: weakness stinger 2
a: no special abilities


You were on level 2 of the Dungeon.
You visited 1 branch of the dungeon, and saw 2 of its levels.

You collected 53 gold pieces.

Inventory:

Hand Weapons
 a - a +0 trident (weapon)
Armour
 b - a +0 scale mail (worn)
 c - a +0 buckler (worn)
Jewellery
 i - a ring of positive energy
 k - an amulet of magic regeneration
Scrolls
 e - a scroll of fog {unknown}
 f - 4 scrolls of identify {unknown}
 g - a scroll of vulnerability {unknown}
 j - a scroll of fear {unknown}


   Skills:
 + Level 3.3 Fighting
 + Level 2.2 Polearms
 + Level 3.1 Armour
 + Level 1.0 Dodging
 + Level 3.0 Shields


You had 2 spell levels left.
You didn't know any spells.
Your spell library contained the following spells:

 Spells                   Type           Power      Damage    Failure   Level
 Animate Skeleton         Necr           0%         N/A       88%         1
 Apportation              Tloc           0%         N/A       88%         1
 Summon Small Mammal      Summ           0%         N/A       88%         1


Dungeon Overview and Level Annotations

Branches:
Dungeon (2/15)

Altars:

Annotations:
D:2 Sigmund


Innate Abilities, Weirdness & Mutations

You have a tail ending in a sharp stinger.


Message History

No target in view!
Found 12 sling bullets.
You now have 53 gold pieces (gained 11).
f - 4 scrolls labelled JUTHRI BAARUR (gained 1)
Found a mace.
No target in view!
Sigmund the Dreaded comes into view.
He is wielding a +0 scythe and wearing a +1 robe of resistance.
Found a mace.
Sigmund shouts!
Sigmund hits the fungus with a +0 scythe.
The fungus begins to die.
Found two maces.
Sigmund is nearby!
Sigmund points at you and mumbles some strange words.
You are confused.
Sigmund is nearby!
You are too confused!
You are too confused!
Sigmund is nearby!
You are too confused!
Unknown command.
You feel very mighty all of a sudden.
Sigmund is suddenly surrounded by pale green light.
Sigmund casts a spell at you.
You are more confused.
A nearby fungus withers and dies.
Sigmund hits you from afar with a +0 scythe.
You're too confused to move!
Sigmund hits you with a +0 scythe!
You closely miss Sigmund.
Your tail-slap misses Sigmund.
Sigmund hits you with a +0 scythe!
* * * LOW HITPOINT WARNING * * *
Sigmund barely misses you.
You closely miss Sigmund.
Your tail-slap misses Sigmund.
Sigmund closely misses you. Sigmund hits you with a +0 scythe.
* * * LOW HITPOINT WARNING * * *
You see here a +0 mace.
You barely miss Sigmund. Sigmund hits you with a +0 scythe.
You die...

#####..#
#...#.#
#####..#
#####.#
.....<.# #.#
#####.##
##### #.#
#.#
##...####.#
...
##.........#
#.#
#....#######
#.# #.)..#
#.# ♣@@..♣
#.# ♣)P.♣♣
♣♣)♣♣ ♣)♣♣
♣♣


You could see Sigmund.

Vanquished Creatures
  An adder (D:2)
  A worm (D:2)
  A dart slug (D:1)
  3 endoplasms
  3 giant cockroaches (D:1)
  6 goblins (D:1)
  A hobgoblin (D:1)
  3 jackals (D:1)
  2 quokkas (D:1)
  2 ball pythons (D:1)
  4 bats (D:1)
  A frilled lizard (D:1)
  2 kobolds (D:1)
  A rat (D:2)
31 creatures vanquished.

Vanquished Creatures (others)
  A fungus (D:2)
1 creature vanquished.

Grand Total: 32 creatures vanquished

Notes
Turn   | Place    | Note
-------+----------+-------------------------------------------
     0 | D:1      | Sin92 the Demonspawn Fighter began the quest for the Orb.
     0 | D:1      | Reached XP level 1. HP: 18/18 MP: 1/1
   217 | D:1      | Gained mutation: You have a small tail. [demonic ancestry]
   217 | D:1      | Reached XP level 2. HP: 24/24 MP: 2/2
   698 | D:1      | Gained mutation: You have a tail ending in a sharp stinger.
                  | [demonic ancestry]
   698 | D:1      | Reached XP level 3. HP: 25/29 MP: 3/3
  1225 | D:2      | Reached skill level 1 in Dodging
  1343 | D:2      | Noticed Sigmund
  1356 | D:2      | Slain by Sigmund

Illustrated notes

Levels and vault maps discovered:
D:1:      amcnicky_arrival_double_pillar, layout_basic
D:2:      layout_loops_ring, uniq_natasha, uniq_crazy_yiuf_cottage,
          uniq_sigmund, uniq_jessica

Skill      XL: |  1  2  3 |
---------------+----------+-----
Polearms       | 2 |  2.2
Armour         | 3 |  3.1
Shields        | 3 |  3.0
Dodging        | 1 |  1.0
Fighting       | |  3.3

Action                   || total
-------------------------++-------
Melee: Trident           ||   106
       Tailslap          ||     7
  Use: Potion            ||     2
Armor: Scale mail        ||    39
Dodge: Dodged            ||    39
Block: Buckler           ||    13
